General information
- name: BNet
- type: Ladder team game (AT/RT)
- host: Battle.net
- saver: miguelitito
map: CentaurGrove
- players: 4
- length: 48:51
- speed: Fast
- version: 1.26 W3XP
- replay type: Public
» download(159 KB)
Players
team 1 (winner)
Allium (
teal | 98 APM | 2191 actions | 22:23)
7 Demon Hunter
3 Mana Burn
3 Evasion
1 Metamorphosis
» actions
| Assign group hotkey | 31 | |
| Basic commands | 1 | |
| Build / train | 74 | |
| Enter build submenu | 12 | |
| Enter hero's abilities submenu | 7 | |
| Give item / drop item | 5 | |
| Remove unit from queue | 2 | |
| Right click | 1059 | |
| Select / deselect | 318 | |
| Select group hotkey | 549 | |
| Use ability | 133 | |
2191 total
» units
| Wisp | 17 | |
| Archer | 1 | |
| Centaur Outrunner | 1 | |
| Dryad | 11 | |
| Druid of the Claw | 5 | |
35 total
» upgrades
| Ultravision | 1 | |
| Strength of the Wild | 3 | |
| Abolish Magic | 1 | |
| Druid of the Claw Training | 2 | |
| Reinforced Hides | 3 | |
| Well Spring | 1 | |
| Mark of the Claw | 1 | |
| Nature's Blessing | 1 | |
13 total
» buildings
| Altar of Elders | 1 | |
| Moon Well | 4 | |
| Ancient of War | 1 | |
| Tree of Ages | 2 | |
| Ancient of Wonders | 1 | |
| Hunter's Hall | 1 | |
| Ancient of Lore | 2 | |
| Tree of Eternity | 1 | |
| Tree of Life | 1 | |
| Ancient of Wind | 1 | |
15 total
» build order
00:07 Altar of Elders
00:19 Moon Well
00:45 Ancient of War
01:38 Moon Well
02:48 Tree of Ages
02:48 Tree of Ages
02:50 Moon Well
03:25 Ancient of Wonders
03:33 Hunter's Hall
03:52 Moon Well
05:15 Ancient of Lore
05:18 Ancient of Lore
06:10 Tree of Eternity
11:54 Tree of Life
19:14 Ancient of Wind
» items
| Potion of Healing | 2 | |
| Lesser Clarity Potion | 3 | |
| Staff of Preservation | 1 | |
| Orb of Venom | 1 | |
| Dust of Appearance | 1 | |
| Anti-magic Potion | 2 | |
| Scroll of Town Portal | 2 | |
12 total
miguelitito (
red | 54 APM | 2650 actions | 48:51)
5 Blood Mage
2 Flame Strike
2 Siphon Mana
1 Banish
4 Mountain King
2 Storm Bolt
2 Bash
5 Goblin Tinker
2 Pocket Factory
2 Cluster Rockets
1 Engineering Upgrade
» actions
| Assign group hotkey | 34 | |
| Basic commands | 29 | |
| Build / train | 81 | |
| Enter build submenu | 32 | |
| Enter hero's abilities submenu | 21 | |
| Give item / drop item | 7 | |
| Right click | 1535 | |
| Select / deselect | 631 | |
| Select group hotkey | 100 | |
| Use ability | 176 | |
2650 total
» units
| Peasant | 14 | |
| Mortar Team | 11 | |
| Dragonhawk Rider | 6 | |
| Siege Engine | 3 | |
| Razormane Medicine Man | 1 | |
| Harpy Windwitch | 1 | |
| Harpy Rogue | 1 | |
| Centaur Outrunner | 1 | |
38 total
» upgrades
» buildings
| Altar of Kings | 1 | |
| Farm | 12 | |
| Scout Tower | 7 | |
| Arcane Tower | 2 | |
| Lumber Mill | 1 | |
| Arcane Vault | 2 | |
| Keep | 1 | |
| Guard Tower | 2 | |
| Blacksmith | 1 | |
| Workshop | 2 | |
| Gryphon Aviary | 2 | |
| Castle | 1 | |
| Town Hall | 1 | |
35 total
» build order
00:06 Altar of Kings
00:10 Farm
00:39 Scout Tower
01:17 Farm
01:19 Arcane Tower
01:31 Lumber Mill
01:51 Arcane Vault
01:56 Arcane Vault
02:20 Farm
02:36 Farm
02:39 Scout Tower
03:48 Arcane Tower
03:51 Scout Tower
03:55 Farm
04:25 Keep
04:27 Guard Tower
05:18 Blacksmith
06:08 Farm
07:12 Workshop
07:18 Workshop
07:23 Gryphon Aviary
07:27 Gryphon Aviary
08:35 Farm
08:55 Farm
11:01 Farm
11:03 Farm
11:07 Farm
11:10 Farm
13:50 Castle
17:51 Scout Tower
17:53 Scout Tower
17:55 Scout Tower
17:57 Scout Tower
22:48 Town Hall
22:50 Guard Tower
» items
| Boots of Speed | 2 | |
| Circlet of Nobility | 4 | |
| Staff of Teleportation | 2 | |
| Potion of Healing | 1 | |
| Scroll of Regeneration | 3 | |
| Periapt of Vitality | 1 | |
| Potion of Lesser Invulnerability | 1 | |
| Scroll of Protection | 1 | |
| Scroll of Healing | 1 | |
| Tome of Retraining | 1 | |
17 total
team 2 (loser)
hu_man (
pink | 78 APM | 1734 actions | 22:18)
5 Archmage
3 Summon Water Elemental
2 Brilliance Aura
2 Mountain King
1 Storm Bolt
1 Bash
» actions
| Basic commands | 2 | |
| Build / train | 108 | |
| Enter build submenu | 22 | |
| Enter hero's abilities submenu | 7 | |
| Give item / drop item | 3 | |
| Right click | 1018 | |
| Select / deselect | 424 | |
| Use ability | 150 | |
1734 total
» units
| Peasant | 27 | |
| Footman | 18 | |
| Priest | 5 | |
| Sorceress | 4 | |
| Spell Breaker | 1 | |
| Knight | 1 | |
| Rifleman | 1 | |
57 total
» upgrades
| Swords | 3 | |
| Plating | 2 | |
| Lumber Harvesting | 1 | |
| Sorceress Training | 1 | |
| Animal War Training | 1 | |
8 total
» buildings
| Altar of Kings | 1 | |
| Farm | 9 | |
| Barracks | 1 | |
| Lumber Mill | 1 | |
| Arcane Vault | 1 | |
| Town Hall | 3 | |
| Keep | 1 | |
| Blacksmith | 1 | |
| Arcane Sanctum | 2 | |
| Castle | 1 | |
| Gryphon Aviary | 1 | |
22 total
» build order
00:08 Altar of Kings
00:11 Farm
01:09 Barracks
01:17 Farm
01:55 Lumber Mill
02:19 Arcane Vault
02:55 Farm
03:51 Farm
03:53 Farm
04:19 Town Hall
06:03 Farm
06:05 Farm
07:17 Keep
07:24 Blacksmith
07:51 Farm
11:25 Arcane Sanctum
11:29 Farm
12:39 Arcane Sanctum
14:28 Town Hall
15:08 Castle
19:13 Gryphon Aviary
21:23 Town Hall
» items
| Lesser Clarity Potion | 8 | |
| Scroll of Regeneration | 10 | |
| Potion of Healing | 7 | |
| Scroll of Town Portal | 4 | |
| Potion of Mana | 2 | |
31 total

»
guantanamo (
yellow | 46 APM | 1028 actions | 22:23)
4 Death Knight
2 Death Coil
2 Unholy Aura
5 Lich
2 Frost Nova
3 Dark Ritual
» actions
| Assign group hotkey | 58 | |
| Build / train | 68 | |
| ESC pressed | 7 | |
| Enter build submenu | 16 | |
| Enter hero's abilities submenu | 8 | |
| Give item / drop item | 3 | |
| Remove unit from queue | 6 | |
| Right click | 380 | |
| Select / deselect | 258 | |
| Select group hotkey | 146 | |
| Use ability | 77 | |
1028 total
» units
| Acolyte | 2 | |
| Ghoul | 7 | |
| Crypt Fiend | 13 | |
| Frost Wyrm | 4 | |
| Obsidian Statue | 2 | |
28 total
» upgrades
| Creature Attack | 1 | |
| Burrow | 1 | |
| Web | 1 | |
| Freezing Breath | 1 | |
| Destroyer Form | 1 | |
5 total
» buildings
| Altar of Darkness | 1 | |
| Ziggurat | 6 | |
| Crypt | 2 | |
| Tomb of Relics | 1 | |
| Graveyard | 1 | |
| Spirit Tower | 1 | |
| Halls of the Dead | 1 | |
| Black Citadel | 1 | |
| Sacrificial Pit | 1 | |
| Boneyard | 1 | |
| Slaughterhouse | 1 | |
17 total
» build order
00:20 Altar of Darkness
00:23 Ziggurat
00:32 Crypt
01:02 Tomb of Relics
01:21 Graveyard
02:43 Ziggurat
05:30 Spirit Tower
05:55 Halls of the Dead
06:20 Ziggurat
07:25 Crypt
08:21 Black Citadel
08:58 Ziggurat
11:22 Sacrificial Pit
11:37 Ziggurat
12:17 Boneyard
16:40 Ziggurat
18:02 Slaughterhouse
» items
| Rod of Necromancy | 1 | |
| Staff of Teleportation | 1 | |
| Boots of Speed | 1 | |
| Potion of Healing | 2 | |
| Scroll of Regeneration | 1 | |
| Potion of Mana | 1 | |
| Scroll of Town Portal | 5 | |
| Orb of Corruption | 1 | |
| Scroll of Healing | 1 | |
| Orb of Fire | 1 | |
15 total
Chat log
(00:18 / Allies) miguelitito: hi
(11:22 / Allies) Allium: ...
(13:36 / Allies) miguelitito: you bnooob man
(13:55 / Allies) miguelitito: listen
(14:00 / Allies) miguelitito: you should attack trough here
(16:45 / Allies) miguelitito: gold